 Dungeon Crawl Stone Soup version 0.29.1-2-gbd0b4ee654 (webtiles) character file.

Game seed: 2735914425316664885

219 Descartes the Ruffian (level 5, -1/48 HPs)
             Began as a Troll Warper on Nov 3, 2022.
             Killed from afar by an orc wizard (10 damage)
             ... with a puff of flame
             ... on level 4 of the Dungeon.
             The game lasted 00:03:25 (2846 turns).

Descartes the Ruffian (Troll Warper)                Turns: 2846, Time: 00:03:26

Health: -1/48      AC:  4    Str: 21    XL:     5   Next: 63%
Magic:  5/5        EV:  9    Int:  9    God:
Gold:   311        SH:  0    Dex:  9    Spells: 4/6 levels left

rFire   . . .      SeeInvis .     - Unarmed
rCold   . . .      Faith    .   (no shield)
rNeg    . . .      Spirit   .   a - +0 robe
rPois   .          Reflect  .   n - +0 hat
rElec   .          Harm     .   (no cloak)
rCorr   .          Rampage  .   (gloves unavailable)
Will    .....                   (boots unavailable)
Stlth   +.........              (no amulet)
HPRegen 0.96/turn               (no ring)
MPRegen 0.09/turn               (no ring)

@: no status effects
A: large, unfitting armour, claws 3, regeneration 1, shaggy fur 1, tough skin 1
a: no special abilities


You were on level 4 of the Dungeon.
You visited 1 branch of the dungeon, and saw 4 of its levels.

You collected 311 gold pieces.

Inventory:

Missiles
 c - 7 boomerangs of dispersal (quivered)
 j - 9 poisoned darts
Armour
 a - a +0 robe (worn)
 n - a +0 hat (worn)
Jewellery
 o - a ring of see invisible
Wands
 l - a wand of mindburst (18)
 q - a wand of polymorph (5)
Scrolls
 b - a scroll of blinking
 d - a scroll of noise {unknown}
 g - a scroll of enchant weapon {unknown}
 h - 4 scrolls of identify {unknown}
 i - 3 scrolls of teleportation {unknown}
 k - 2 scrolls of vulnerability {unknown}
 m - 3 scrolls of torment {unknown}
 r - 3 scrolls of fog {unknown}
Potions
 e - 2 potions of brilliance {unknown}
 f - a potion of invisibility {unknown}
 p - 2 potions of berserk rage {unknown}


   Skills:
 - Level 1.5 Fighting
 - Level 0.8 Throwing
 - Level 1.9 Dodging
 + Level 4.9 Unarmed Combat
 - Level 1.2 Spellcasting
 + Level 3.3 Translocations


You had 4 spell levels left.
You knew the following spells:

 Your Spells              Type           Power      Damage    Failure   Level
a - Blink                 Tloc           12%        N/A       14%         2

Your spell library contained the following spells:

 Spells                   Type           Power      Damage    Failure   Level
 Gell's Gravitas          Tloc           6%         N/A       26%         3
 Lesser Beckoning         Tloc           6%         N/A       26%         3
 Teleport Other           Tloc           6%         N/A       26%         3
 Ensorcelled Hibernation  Hex/Ice        0%         N/A       50%         2
 Passwall                 Tmut/Erth      0%         N/A       50%         2
 Swiftness                Air            0%         N/A       73%         3
 Manifold Assault         Tloc           6%         N/A       94%         5


Dungeon Overview and Level Annotations

Branches:
Dungeon (4/15)
 Temple: D:4-7

Altars:
Nemelex Xobeh
Zin

Shops:
D:3 ?


Innate Abilities, Weirdness & Mutations

You are too large for most types of armour.
You have claws for hands.
Your natural rate of healing is unusually fast.
You are covered in fur. (AC +1)
You have tough skin. (AC +1)


Message History

You are frozen.
The orc wizard points at you and mumbles some strange words.
The puff of flame misses you.
The puff of flame hits the adder.
The adder bites you but does no damage.
You claw the orc wizard!
You kill the orc wizard!
The adder barely misses you.
The orc wizard hits you but does no damage.
The endoplasm freezes you.
You are frozen.
You scratch the adder.
The adder is severely wounded.
The adder closely misses you.
The orc priest calls down the wrath of Beogh upon you.
Beogh smites you!
The endoplasm hits you but does no damage.
The orc priest mumbles some strange prayers to Beogh against you.
You barely resist.
You are too injured to fight recklessly!
You claw the orc wizard!
The orc wizard is severely wounded.
The adder bites you but does no damage.
The orc wizard hits you with a +0 dagger.
* * * LOW HITPOINT WARNING * * *
The endoplasm freezes you.
You are frozen.
* * * LOW HITPOINT WARNING * * *
The orc priest hits you with a +0 club.
* * * LOW HITPOINT WARNING * * *
Unknown command.
You completely miss the orc wizard.
The orc wizard is severely wounded.
The adder barely misses you.
Unknown command.
You closely miss the orc wizard.
The orc wizard is severely wounded.
The adder barely misses you. The orc wizard casts a spell at you.
The puff of flame hits you!
You die...

####...#...## #
#.#.....# #.
#.#.###.# ##.# ..#.#
#.# ##...# ####.###.#
#.....# #.....##
....>..## #......#
......oS######
#>......
.....KJ@o....#
##.....#
#.....#o####.#
##.#.## ##....... #.#
#.#<# #.##.....##.##
#.#.# #
.......#...#####.#.#
.##.......#.......#.#
#
#.....#.†...###...##
###.####....# #.....
# ###..###.####


You could see 2 orc priests, an orc wizard, an adder, an endoplasm and a kobold.

Vanquished Creatures
  A scorpion (D:3)
  2 orc wizards (D:4)
  2 adders (D:2)
  A worm (D:2)
  A dart slug (D:4)
  7 orcs
  8 ball pythons
  5 endoplasms
  6 giant cockroaches
  6 goblins
  6 hobgoblins
  6 jackals
  A kobold (D:3)
  3 quokkas
  7 bats
  5 frilled lizards
  2 rats
69 creatures vanquished.

Notes
Turn   | Place    | Note
-------+----------+-------------------------------------------
     0 | D:1      | Descartes the Troll Warper began the quest for the Orb.
     0 | D:1      | Reached XP level 1. HP: 19/19 MP: 1/1
   126 | D:1      | Reached XP level 2. HP: 27/27 MP: 2/2
   225 | D:1      | Reached skill level 3 in Unarmed Combat
   800 | D:2      | Learned a level 2 spell: Blink
   896 | D:2      | Reached XP level 3. HP: 33/33 MP: 3/3
  1420 | D:2      | Reached XP level 4. HP: 34/41 MP: 4/4
  1735 | D:3      | Found Yvver's Magic Scroll Shop.
  1765 | D:3      | Reached skill level 4 in Unarmed Combat
  2011 | D:3      | Noticed a scorpion
  2022 | D:3      | Killed a scorpion
  2023 | D:3      | Reached XP level 5. HP: 41/48 MP: 5/5
  2581 | D:4      | Found a glowing silver altar of Zin.
  2633 | D:4      | Found a sparkling altar of Nemelex Xobeh.
  2846 | D:4      | Killed from afar by an orc wizard

Illustrated notes

Levels and vault maps discovered:
D:1:      tarquinn_simple_flora_water_e, layout_loops_ring,
          grunt_decor_mini_mirrors
D:2:      layout_basic
D:3:      layout_loops_ring, serial_shops, shop
D:4:      layout_loops_ring, amcnicky_altar_gilded, mainiacjoe_overflow_brackets

Skill      XL: |  1  2  3  4 |
---------------+-------------+-----
Unarmed Combat | 3 4 |  4.9
Translocations | 3 |  3.3
Fighting       | |  1.5
Throwing       | |  0.8
Dodging        | |  1.9
Spellcasting   | |  1.2

Action                   |  1- 3 |  4- 6 || total
-------------------------+-------+-------++-------
Melee: Unarmed           |   101 |    85 ||   186
       Punch             |     1 |     1 ||     2
 Stab: Distracted        |     1 |       ||     1
       Sleeping          |       |     1 ||     1
Armor: Robe              |    42 |    26 ||    68
Dodge: Dodged            |    37 |    35 ||    72
